Map: Zen LE

Players

MooEsqoo

  • Race: Zerg Zerg
  • Spawn Location: 1:00

Cheater 1 (Resources) - Winner!

  • Race: Terran Terran
  • Spawn Location: 7:00

VOD

Have the link to the VOD?

Description

Time

  • Played on: Dec. 20, 2019, 9:28 a.m.
  • Length: 13:56
Show
View Real Time Build Order
Export as new Build Order

MooEsqoo Zerg 

Build Orders: Hatch First 

Get SALT Encoding   

  12  0:05  Drone  
  13  0:13  Overlord  
  13  0:19  Drone  
  14  0:32  Drone  
  14  0:33  Drone  
  16  0:39  Drone  
  18  0:50  Drone  
  18  1:00  Drone  
  19  1:04  Hatchery  
  18  1:15  Extractor  
  18  1:18  Spawning Pool  
  16  1:21  Drone  
  17  1:25  Drone  
  17  1:32  Drone  
  19  1:44  Drone  
  20  1:56  Drone  
  21  2:06  Drone  
  22  2:15  Queen  
  22  2:16  Overlord  
  22  2:20  Zergling x2  
  25  2:23  Metabolic Boost  
  25  2:24  Queen  
  25  2:27  Zergling x2  
  28  2:38  Drone  
  28  2:39  Drone  
  28  2:40  Hatchery  
  29  2:49  Drone  
  29  2:50  Drone  
  31  2:51  Overlord  
  31  2:58  Drone  
  32  3:08  Baneling Nest  
  31  3:14  Drone  
  31  3:15  Drone  
  31  3:16  Zergling x2  
  34  3:25  Queen x2  
  38  3:43  Extractor  
  38  3:44  Evolution Chamber, Roach Warren  
  38  3:45  Extractor  
  38  3:46  Evolution Chamber  
  31  3:49  Extractor  
  28  3:57  Zergling x4  
  28  3:58  Zergling x6  
  33  4:22  Zergling x10  
  38  4:24  Baneling x4  
  38  4:30  Zergling x2  
  39  4:37  Zergling x2  
  39  4:38  Zergling x4  
  42  4:52  Zergling x4  
  44  4:54  Overlord  
  44  4:56  Overlord  
  44  5:12  Roach x3  
  50  5:17  Overlord  
  50  5:26  Drone  
  50  5:27  Roach  
  53  5:30  Drone  
  54  5:42  Roach x2  
  58  5:44  Drone  
  59  5:52  Baneling x6  
  59  5:54  Baneling  
  59  5:57  Drone  
  60  6:15  Hatchery  
  60  6:26  Roach x4  
  68  6:38  Hatchery  
  67  6:42  Drone  
  67  6:46  Overlord  
  68  6:56  Overlord  
  68  6:57  Overlord  
  68  7:09  Zerg Missile Weapons Level 1  
  68  7:16  Zerg Ground Armor Level 1  
  53  7:36  Zergling x8  
  52  7:37  Zergling x8  
  52  7:41  Ravager  
  56  7:49  Lair  
  56  7:52  Drone  
  57  8:03  Drone x3  
  57  8:04  Drone  
  61  8:12  Drone x2  
  63  8:16  Zergling x2  
  64  8:38  Drone x5  
  69  8:42  Baneling  
  69  8:43  Baneling x3  
  69  9:07  Drone x2  
  69  9:08  Zergling x2, Drone, Roach  
  69  9:09  Zergling x2  
  76  9:12  Ravager x4  
  76  9:16  Baneling  
  80  9:17  Baneling x3  
  80  9:18  Baneling x2  
  80  9:19  Baneling  
  80  9:20  Drone  
  81  9:24  Roach  
  81  9:27  Drone  
  84  9:39  Drone x4  
  84  9:40  Drone  
  89  9:52  Zergling x8  
  93  9:53  Roach x2  
  93  9:58  Centrifical Hooks  
  97  10:01  Glial Reconstitution  
  97  10:06  Zerg Missile Weapons Level 2  
  72  10:29  Zergling x6  
  72  10:30  Zergling x6  
  64  10:39  Zergling x8  
  64  10:52  Baneling  
  64  10:53  Baneling x6  
  64  10:54  Zergling x2  
  64  10:55  Zergling x10  
  64  10:56  Roach x2  
  73  11:11  Spire  
  72  11:26  Queen  
  72  11:27  Queen x2  
  78  11:33  Roach x5  
  78  11:34  Roach  
  78  11:37  Baneling  
  78  11:38  Baneling x4  
  90  11:49  Drone  
  90  11:50  Drone x3  
  94  11:57  Ravager x3  
  94  12:00  Overlord x4  
  97  12:18  Queen x3  
  103  12:34  Roach x4  
  103  12:35  Roach  
  113  12:37  Mutalisk x2  
  113  12:38  Mutalisk x2  
  113  12:43  Extractor  
  120  12:45  Extractor, Drone x2  
  121  12:55  Zergling x8  
  125  13:12  Mutalisk x2  
  129  13:14  Overlord x2  
  129  13:15  Overlord x2  
  129  13:27  Baneling x2  
  129  13:28  Baneling x7  
  129  13:29  Baneling x5  
  129  13:30  Baneling x3  
Show
View Real Time Build Order
Export as new Build Order

Cheater 1 (Resources) Terran - Winner!

Build Orders:  

Get SALT Encoding   

  12  0:00  SCV  
  13  0:13  SCV  
  14  0:18  Supply Depot  
  14  0:25  SCV  
  15  0:29  Refinery  
  15  0:40  SCV  
  16  0:47  Barracks  
  16  0:52  SCV  
  17  1:04  SCV  
  18  1:16  SCV  
  19  1:34  Marine  
  19  1:36  Supply Depot  
  19  1:38  Orbital Command, Factory  
  20  1:48  Barracks  
  20  1:52  Marine  
  21  2:03  SCV  
  22  2:10  Barracks Tech Lab  
  22  2:15  SCV  
  23  2:18  Supply Depot  
  23  2:24  Hellion  
  23  2:29  Marauder, Concussive Shells  
  27  2:36  Barracks Tech Lab  
  27  2:41  SCV  
  28  2:45  Hellion  
  28  2:50  Marauder  
  32  2:54  Supply Depot  
  32  2:55  Marauder  
  34  3:07  Hellion  
  34  3:12  Marauder  
  38  3:16  Marauder  
  38  3:17  Supply Depot  
  40  3:28  Hellion  
  40  3:33  Marauder  
  44  3:38  Marauder  
  46  3:45  Supply Depot  
  46  3:46  Refinery  
  47  3:48  SCV  
  47  3:49  Factory Tech Lab  
  47  3:54  Marine  
  48  3:58  Marine  
  49  4:08  Hellion  
  49  4:09  SCV  
  52  4:12  Marine  
  52  4:16  Marine  
  54  4:21  Stimpack  
  54  4:22  SCV  
  54  4:23  Supply Depot  
  55  4:30  Marine  
  56  4:34  SCV  
  56  4:35  Marauder  
  56  4:37  Command Center  
  57  4:44  Hellion  
  59  4:47  Marine  
  60  4:55  Marine  
  60  4:58  Engineering Bay  
  61  5:05  Hellion, Marine  
  64  5:09  Supply Depot  
  64  5:13  Marine  
  65  5:23  Marine  
  65  5:24  Terran Infantry Weapons Level 1  
  65  5:27  Hellion, Combat Shield  
  68  5:35  Supply Depot  
  68  5:43  Engineering Bay  
  68  5:48  Hellion  
  68  5:49  SCV x2  
  72  6:01  SCV  
  72  6:02  SCV  
  74  6:05  Armory  
  74  6:09  Hellion, Terran Infantry Armor Level 1  
  78  6:11  Marauder  
  78  6:13  SCV  
  78  6:14  Marauder  
  78  6:17  SCV  
  82  6:25  SCV  
  83  6:29  SCV  
  83  6:30  Armory  
  84  6:35  Barracks  
  84  6:37  SCV, Marine  
  86  6:41  SCV, Marine  
  88  6:49  SCV  
  88  6:53  Supply Depot, SCV  
  88  6:54  Terran Vehicle And Ship Armor Level 1  
  90  6:55  Marauder  
  90  6:59  Marauder  
  94  7:01  SCV  
  94  7:04  Siege Tank  
  94  7:06  SCV  
  99  7:13  SCV  
  100  7:16  Supply Depot  
  100  7:17  Marauder, Terran Vehicle Weapons Level 1  
  100  7:18  SCV  
  103  7:23  Refinery  
  103  7:24  Barracks Reactor  
  103  7:26  SCV  
  103  7:27  Refinery, Marauder  
  87  7:36  Siege Tank  
  80  7:37  Marine  
  80  7:41  Orbital Command  
  81  7:45  SCV  
  81  7:48  Marauder  
  84  7:52  Missile Turret  
  84  7:55  Marine  
  84  7:57  SCV  
  84  7:58  Terran Infantry Weapons Level 2  
  86  7:59  Missile Turret, Marine x2  
  88  8:08  Hellion  
  88  8:09  SCV, Marine  
  88  8:10  Barracks  
  92  8:13  Starport  
  92  8:17  Marine  
  92  8:19  Marine  
  94  8:21  Marine  
  94  8:27  Marine  
  95  8:29  Siege Tank  
  99  8:36  Marine  
  99  8:40  Marine  
  101  8:41  Supply Depot  
  101  8:43  Command Center  
  101  8:50  Medivac  
  103  8:59  Marine  
  103  9:00  Marine  
  103  9:02  Hellion  
  107  9:07  Supply Depot  
  107  9:11  Missile Turret  
  107  9:13  Terran Vehicle Weapons Level 2  
  107  9:21  Starport Reactor  
  107  9:23  Siege Tank  
  110  9:26  Factory  
  110  9:32  Supply Depot  
  110  9:34  Missile Turret  
  110  9:35  Marauder  
  112  9:40  Starport  
  112  9:42  Hi-Sec Auto Tracking  
  112  9:45  Marauder  
  114  9:55  Siege Tank  
  114  9:56  Missile Turret, SCV x2, Orbital Command  
  114  9:57  Medivac  
  121  10:03  Medivac  
  121  10:05  Missile Turret  
  123  10:07  Missile Turret  
  123  10:08  SCV  
  123  10:09  SCV, Widow Mine  
  129  10:14  Marauder  
  129  10:16  Starport Tech Lab  
  129  10:19  Marine x2  
  129  10:20  SCV, Marine x2  
  118  10:21  SCV  
  118  10:22  SCV  
  118  10:27  Hellion  
  119  10:31  Terran Infantry Weapons Level 3, Factory Tech Lab  
  119  10:32  SCV  
  119  10:33  SCV  
  119  10:35  SCV, Marine  
  103  10:37  Command Center, Raven, Marine x2  
  103  10:38  Marauder  
  104  10:43  Marine  
  104  10:44  SCV  
  104  10:46  SCV  
  104  10:47  SCV, Medivac  
  104  10:49  Siege Tank, Widow Mine  
  115  10:53  Marauder  
  115  10:55  Marine, Viking  
  115  10:56  SCV  
  121  10:57  Marine  
  121  10:58  SCV  
  121  10:59  Marauder, SCV  
  121  11:01  Marine  
  127  11:10  Hellion  
  129  11:13  Refinery, Marine  
  129  11:15  Marauder  
  129  11:16  Refinery  
  129  11:17  Viking  
  134  11:19  Raven, Supply Depot  
  134  11:20  Marine x2  
  134  11:21  Marine  
  134  11:22  Hellion  
  141  11:25  Viking  
  141  11:31  Hellion, Marine, Barracks  
  146  11:36  Marauder, SCV  
  146  11:37  SCV  
  146  11:38  SCV, Marine  
  152  11:40  Marine  
  152  11:43  Hellion  
  152  11:44  Supply Depot  
  152  11:46  Marine  
  156  11:47  Viking  
  156  11:48  SCV, Marine  
  156  11:50  SCV x2  
  156  11:51  SCV  
  156  11:53  Hellion  
  165  11:55  Viking  
  165  11:56  Marauder  
  165  11:57  Marauder  
  165  11:59  Missile Turret, Infernal Pre-Igniter  
  165  12:00  SCV  
  172  12:01  Missile Turret  
  172  12:02  Planetary Fortress, Viking  
  172  12:05  Hellion  
  176  12:10  Supply Depot  
  176  12:14  Ghost Academy, Marine x2, Liberator  
  178  12:16  Command Center  
  178  12:17  Marauder  
  178  12:19  Marauder  
  182  12:31  Viking  
  182  12:32  Refinery  
  182  12:34  Missile Turret  
  182  12:35  Missile Turret, Viking  
  189  12:38  Missile Turret  
  189  12:39  Marauder  
  189  12:40  Marauder, Supply Depot  
  193  12:44  Liberator  
  193  12:50  Refinery  
  193  12:59  Ghost  
  193  13:02  Missile Turret, Marauder  
  200  13:30  Refinery  
  200  13:39  Missile Turret  
  200  13:40  Command Center  
  200  13:41  Missile Turret  
  186  13:50  Missile Turret  
  186  13:51  Refinery  
  186  13:54  Missile Turret  
Tags
 
Matchup
TvZ
Spawn Locations
Cross Positions
Add a new tag
Caveats
  • Supply blocks, unpowered buildings, or Contaminate may cause inaccurate times.
  • Supply counts are checked every 10 seconds.